[Event "ICC tourney 2604 (40 5)"]
[Site "Internet Chess Club"]
[Date "2021.06.12"]
[Round "2"]
[White "HO, JASPER:K06-16038265"]
[Black "PATANKAR, VIJAY:K06-16438548"]
[Result "1-0"]
[ICCResult "Black checkmated"]
[WhiteElo "1794"]
[BlackElo "940"]
[Opening "Benoni: classical, 9...Re8"]
[ECO "A76"]
[NIC "KI.19"]
[Time "14:00:51"]
[PlyCount "95"]
[TimeControl "2400+5"]

1. d4 Nf6 2. c4 g6 3. Nc3 Bg7 4. e4 d6 5. Nf3 O-O 6. Be2 c5 7. d5 e6 8. O-O
exd5 9. cxd5 Re8 10. Bd3 Bg4 11. h3 Bxf3 12. Qxf3 Nbd7 13. Bf4 Ne5 14. Bxe5
Rxe5 15. Qg3 Nh5 16. Qe3 a6 17. a4 Rb8 18. Kh2 Re8 19. a5 Bxc3 20. bxc3 Qf6
21. Bc2 Qf4+ 22. Qxf4 Nxf4 23. Rfe1 Nh5 24. Rab1 Re7 25. Rb2 f6 26. Reb1
Ng7 27. Bd3 Kf8 28. f3 Ra8 29. Rxb7 Rxb7 30. Rxb7 f5 31. Rb6 fxe4 32. fxe4
Ke7 33. Rxa6 Rxa6 34. Bxa6 Kd7 35. Bb5+ Kc7 36. Kg3 Nh5+ 37. Kg4 Nf6+ 38.
Kf4 Nd7 39. Bxd7 Kxd7 40. e5 dxe5+ 41. Kxe5 Kc7 42. d6+ Kb7 43. d7 Kc7 44.
Ke6 Kb7 45. d8=Q c4 46. Qb6+ Kc8 47. Kd6 h5 48. Qc7# { Black checkmated }
1-0

[Event "ICC tourney 2604 (40 5)"]
[Site "Internet Chess Club"]
[Date "2021.06.12"]
[Round "2"]
[White "ABE, ABISAYO:K06-15761580"]
[Black "POTHURI, ABHIRAM SAI:K06-15560780"]
[Result "0-1"]
[ICCResult "White resigns"]
[WhiteElo "1762"]
[BlackElo "1948"]
[Opening "Neo-Grünfeld, 6.O-O, main line"]
[ECO "D79"]
[NIC "GI.02"]
[Time "14:00:21"]
[PlyCount "42"]
[TimeControl "2400+5"]

1. d4 Nf6 2. Nf3 g6 3. g3 Bg7 4. Bg2 O-O 5. O-O d5 6. c4 c6 7. cxd5 cxd5 8.
Ne5 Nc6 9. Nc3 Be6 10. Bf4 Rc8 11. Rc1 Nh5 12. Nxc6 bxc6 13. Be3 f5 14. Qa4
f4 15. Bd2 Qd7 16. Rfe1 Bh3 17. Bh1 fxg3 18. hxg3 Qg4 19. Qd1 Rxf2 20. Bf4
Rxf4 21. Qd3 Nxg3 { White resigns } 0-1

[Event "ICC tourney 2604 (40 5)"]
[Site "Internet Chess Club"]
[Date "2021.06.12"]
[Round "2"]
[White "TEITELMAN, AIDEN:K06-15429990"]
[Black "KAMATH, AYUSH:K06-16652416"]
[Result "1-0"]
[ICCResult "Black resigns"]
[WhiteElo "1710"]
[BlackElo "1329"]
[Opening "QGD: exchange, positional line"]
[ECO "D35"]
[NIC "QO.16"]
[Time "14:00:26"]
[PlyCount "71"]
[TimeControl "2400+5"]

1. d4 d5 2. c4 e6 3. Nc3 Nf6 4. cxd5 exd5 5. Bg5 Nbd7 6. e3 Be7 7. Bd3 O-O
8. Nge2 c6 9. O-O Qc7 10. h3 Re8 11. Rc1 a6 12. Ng3 Nf8 13. Bxf6 Bxf6 14.
Nxd5 Qd6 15. Nb6 Rb8 16. Ne4 Qd8 17. Nxc8 Rxc8 18. Qf3 Nd7 19. Nd6 Nb6 20.
Nxe8 Qxe8 21. Qf5 Qd7 22. Qxh7+ Kf8 23. Bf5 Qc7 24. Bxc8 Nxc8 25. Qh8+ Ke7
26. e4 Bxd4 27. Rcd1 Bxb2 28. e5 Bxe5 29. f4 Bxf4 30. Rde1+ Kd7 31. Qe8+
Kd6 32. Rxf4 Qb6+ 33. Kh2 Kc7 34. Qe5+ Nd6 35. Rxf7+ Kc8 36. Qxd6 { Black
resigns } 1-0

[Event "ICC tourney 2604 (40 5)"]
[Site "Internet Chess Club"]
[Date "2021.06.12"]
[Round "2"]
[White "GOLDSTEIN, ARAV MICAH:K06-15497770"]
[Black "FENG, ANDREW T:K06-15666552"]
[Result "0-1"]
[ICCResult "White checkmated"]
[WhiteElo "1635"]
[BlackElo "1919"]
[Opening "French: exchange variation"]
[ECO "C01"]
[NIC "FR.01"]
[Time "14:00:51"]
[PlyCount "80"]
[TimeControl "2400+5"]

1. e4 e6 2. d4 d5 3. exd5 exd5 4. Bd3 Bd6 5. c3 Nf6 6. Nf3 Bg4 7. Nbd2 O-O
8. O-O Nbd7 9. h3 Bh5 10. Re1 c6 11. Nf1 Qc7 12. Ne3 Rfe8 13. Nf5 Bh2+ 14.
Kh1 Rxe1+ 15. Qxe1 Bxf3 16. gxf3 Re8 17. Qf1 g6 18. Qg2 Re1+ 19. Bf1 Bd6
20. Ne3 Bf4 21. b3 Nh5 22. Bb2 Rxe3 23. fxe3 Ng3+ 24. Kh2 Nxf1+ 25. Kg1
Nxe3 26. Qe2 Nf5 27. Bc1 Nf6 28. Bxf4 Qxf4 29. Qe5 Qg5+ 30. Kh1 Qh4 31. Kg2
Nh5 32. Qe8+ Kg7 33. Qe5+ Kh6 34. Qe8 Qg3+ 35. Kf1 Qxf3+ 36. Ke1 Qxc3+ 37.
Kf2 Qxd4+ 38. Kg2 Nh4+ 39. Kf1 Ng3+ 40. Ke1 Ng2# { White checkmated } 0-1

[Event "ICC tourney 2604 (40 5)"]
[Site "Internet Chess Club"]
[Date "2021.06.12"]
[Round "2"]
[White "GILLSTON, NOAH:K06-15800411"]
[Black "SHOME, ANIRUDH:K06-15937035"]
[Result "1-0"]
[ICCResult "Black checkmated"]
[WhiteElo "1671"]
[BlackElo "1082"]
[Opening "Pirc defense"]
[ECO "B07"]
[NIC "PU.07"]
[Time "14:00:44"]
[PlyCount "169"]
[TimeControl "2400+5"]

1. e4 d6 2. d4 Nf6 3. Nc3 g6 4. Be3 Bg7 5. Qd2 O-O 6. O-O-O Na6 7. Nf3 Ng4
8. Bf4 c5 9. Bxa6 cxd4 10. Nxd4 bxa6 11. f3 e5 12. Nc6 Qc7 13. Nd5 Qd7 14.
Nde7+ Kh8 15. Qxd6 Qxd6 16. Rxd6 exf4 17. Nxc8 Rfxc8 18. fxg4 Rc7 19. Rhd1
Rcc8 20. Rd8+ Rxd8 21. Rxd8+ Rxd8 22. Nxd8 Kg8 23. Nc6 Bh6 24. Kd1 Kf8 25.
Nxa7 Ke7 26. Nc6+ Kd6 27. Nb4 a5 28. Nd3 g5 29. Ke2 Bg7 30. c3 Kc6 31. Ne1
Kb5 32. Kd3 Kc5 33. Nf3 h6 34. Nd4 Kb6 35. Nf5 Bf8 36. Kc4 Kc6 37. a3 a4
38. Nd4+ Kd6 39. Nf3 Kc6 40. Ne5+ Kd6 41. Nxf7+ Ke6 42. Nd8+ Kd7 43. Nb7
Kc6 44. Na5+ Kb6 45. b4 axb3 46. Nxb3 Bxa3 47. Kd5 Kc7 48. Ke6 Bb2 49. Nd4
Kb6 50. Ne2 Kc6 51. Kf6 Ba3 52. e5 Kd7 53. Kf7 Kc8 54. e6 Kd8 55. Nd4 h5
56. h3 hxg4 57. hxg4 f3 58. gxf3 Bc5 59. e7+ Bxe7 60. Nc6+ Kd7 61. Nxe7 Kd6
62. c4 Kc5 63. Kg6 Kxc4 64. Kxg5 Kc5 65. f4 Kd6 66. Ng6 Ke6 67. f5+ Kf7 68.
Ne5+ Kg7 69. f6+ Kf8 70. Kg6 Kg8 71. f7+ Kf8 72. Nd7+ Ke7 73. Nf6 Kf8 74.
Nh7+ Ke7 75. f8=Q+ Ke6 76. Qf5+ Kd6 77. Kf7 Kc7 78. Ke7 Kc6 79. Qe5 Kb7 80.
Qd6 Kc8 81. Nf6 Kb7 82. Nd5 Ka8 83. Qc6+ Kb8 84. Qc7+ Ka8 85. Nb6# { Black
checkmated } 1-0

[Event "ICC tourney 2604 (40 5)"]
[Site "Internet Chess Club"]
[Date "2021.06.12"]
[Round "2"]
[White "YU, DYLAN:K06-15800955"]
[Black "ANANTH, ANANYA:K06-15971911"]
[Result "0-1"]
[ICCResult "White checkmated"]
[WhiteElo "1763"]
[BlackElo "1663"]
[Opening "Queen's pawn game"]
[ECO "D04"]
[NIC "QP.08"]
[Time "14:00:18"]
[PlyCount "68"]
[TimeControl "2400+5"]

1. d4 d5 2. Nf3 Nf6 3. e3 c5 4. b3 e6 5. Bb2 Nc6 6. Bd3 Be7 7. Nbd2 O-O 8.
O-O a6 9. Ne5 cxd4 10. exd4 Bd7 11. f4 Rc8 12. a3 b5 13. g4 g6 14. g5 Nh5
15. Be2 Ng7 16. Ndf3 Nf5 17. Qd2 f6 18. Nxc6 Bxc6 19. h4 Ng3 20. Rfe1 Ne4
21. Qe3 Bd6 22. Bd3 Qc7 23. Bc1 e5 24. dxe5 fxe5 25. Bb2 Rxf4 26. Bxe4 dxe4
27. Nd2 Rg4+ 28. Kh2 Rxh4+ 29. Kg2 Qd7 30. Nf1 Rf8 31. Nh2 Bc5 32. Rad1 Qc8
33. Qxc5 Qh3+ 34. Kg1 Qxh2# { White checkmated } 0-1

[Event "ICC tourney 2604 (40 5)"]
[Site "Internet Chess Club"]
[Date "2021.06.12"]
[Round "2"]
[White "BUGAYEV, GEORGE:K06-15696525"]
[Black "OKUNO, RION:K06-16978387"]
[Result "0-1"]
[ICCResult "White resigns"]
[WhiteElo "1758"]
[BlackElo "1587"]
[Opening "Sicilian: Alapin's variation (2.c3)"]
[ECO "B22"]
[NIC "SI.46"]
[Time "14:00:46"]
[PlyCount "86"]
[TimeControl "2400+5"]

1. e4 c5 2. c3 Nf6 3. e5 Nd5 4. d4 e6 5. Bc4 d6 6. Nf3 Nc6 7. O-O dxe5 8.
dxe5 Be7 9. Nbd2 a6 10. Ne4 O-O 11. Bg5 Bxg5 12. Nexg5 b5 13. Bb3 h6 14.
Ne4 c4 15. Bc2 Qc7 16. Re1 Nxe5 17. Nxe5 Qxe5 18. Ng3 Qc7 19. Qf3 Bb7 20.
Nh5 Kh8 21. Qg4 Rg8 22. Rxe6 g6 23. Qd4+ Kh7 24. Nf6+ Nxf6 25. Rxf6 Rad8
26. Qg4 Rd2 27. Rc1 Rxc2 28. Rxc2 Qe7 29. Rxf7+ Qxf7 30. Rd2 Re8 31. h3
Re1+ 32. Kh2 Qc7+ 33. f4 Re7 34. Rd4 Be4 35. a3 Bf5 36. Qf3 Re6 37. Qd1 Re7
38. Qf3 Rf7 39. Kh1 Re7 40. Kh2 Bd3 41. Qg4 Bf5 42. Qf3 Qb7 43. Qe2 Rxe2 {
White resigns } 0-1

[Event "ICC tourney 2604 (40 5)"]
[Site "Internet Chess Club"]
[Date "2021.06.12"]
[Round "2"]
[White "BUCHANAN, ROYAL:K06-15612362"]
[Black "ZOFFER, OSKAR:K06-16471866"]
[Result "1-0"]
[ICCResult "Black checkmated"]
[WhiteElo "1943"]
[BlackElo "1680"]
[Opening "Scandinavian defense"]
[ECO "B01"]
[NIC "SD.03"]
[Time "14:00:37"]
[PlyCount "91"]
[TimeControl "2400+5"]

1. e4 d5 2. exd5 Nf6 3. Nf3 Nxd5 4. d4 Bg4 5. Be2 e6 6. h3 Bf5 7. O-O Bd6
8. a3 Nf4 9. Bxf4 Bxf4 10. Bd3 Qf6 11. Bxf5 Qxf5 12. c3 O-O 13. Re1 Nd7 14.
Qb3 Rab8 15. Nbd2 Bxd2 16. Nxd2 c5 17. Nf3 Rfd8 18. Rad1 b6 19. d5 exd5 20.
Rxd5 Qf4 21. Red1 Qc7 22. c4 Nf6 23. R5d3 Re8 24. Nd2 Rbd8 25. Nf1 Nd7 26.
Ne3 Ne5 27. Nd5 Qb8 28. Re3 Nc6 29. Rde1 Nd4 30. Qd1 Rxe3 31. fxe3 Ne6 32.
Qh5 b5 33. Rf1 Qb7 34. b3 bxc4 35. bxc4 Rd7 36. Qg4 Kh8 37. Qxe6 h6 38.
Qe8+ Kh7 39. Qe4+ Kh8 40. Rb1 Qc8 41. Qf5 Qd8 42. Qe5 Kh7 43. Rb8 Qa5 44.
Qf5+ g6 45. Nf6+ Kg7 46. Rg8# { Black checkmated } 1-0

[Event "ICC tourney 2604 (40 5)"]
[Site "Internet Chess Club"]
[Date "2021.06.12"]
[Round "2"]
[White "MOHSENIN, CYRUS:K06-17008780"]
[Black "NATHAN, NITISH SG:K06-15494283"]
[Result "0-1"]
[ICCResult "White checkmated"]
[WhiteElo "1539"]
[BlackElo "1941"]
[Opening "Queen's pawn, Mason variation"]
[ECO "D00"]
[NIC "QP.08"]
[Time "14:00:22"]
[PlyCount "118"]
[TimeControl "2400+5"]

1. d4 d5 2. Bf4 c6 3. e3 Qb6 4. Qc1 Nf6 5. Nd2 Bf5 6. Ngf3 e6 7. Be2 h6 8.
h3 Nbd7 9. O-O Be7 10. Rb1 O-O 11. Ne5 Nxe5 12. Bxe5 Nd7 13. Bg3 c5 14. Nf3
Rac8 15. Qd2 Nf6 16. Qd1 Ne4 17. Bh2 Rfd8 18. Bd3 Bd6 19. Bxd6 Qxd6 20. c3
c4 21. Bc2 Qe7 22. Nd2 Nxd2 23. Qxd2 Bxc2 24. Qxc2 b5 25. Qd2 a5 26. b4 Qa7
27. Rb2 Ra8 28. Ra1 Rdb8 29. Qd1 axb4 30. Rxb4 Qa3 31. Qc2 g6 32. g3 Ra4
33. Rb2 b4 34. cxb4 Raxb4 35. Rxb4 Rxb4 36. Rb1 Rxb1+ 37. Qxb1 Qa7 38. a4
Qxa4 39. Qb8+ Kg7 40. Qe5+ Kh7 41. Qc7 Qe8 42. e4 Kg8 43. Qc5 Qa8 44. exd5
Qxd5 45. Qc8+ Kg7 46. Qc5 Qxc5 47. dxc5 c3 48. c6 c2 49. c7 c1=Q+ 50. Kg2
Qxc7 51. Kf3 Qc6+ 52. Ke3 e5 53. h4 Qc3+ 54. Ke2 e4 55. g4 Qf3+ 56. Kf1 e3
57. Kg1 Qxf2+ 58. Kh1 e2 59. g5 e1=Q# { White checkmated } 0-1

[Event "ICC tourney 2604 (40 5)"]
[Site "Internet Chess Club"]
[Date "2021.06.12"]
[Round "2"]
[White "YAO, JERRY:K06-15860426"]
[Black "WILSON, RONEN:K06-15349011"]
[Result "0-1"]
[ICCResult "White resigns"]
[WhiteElo "1893"]
[BlackElo "2079"]
[Opening "Catalan: open, 5.Nf3"]
[ECO "E04"]
[NIC "CA.03"]
[Time "14:00:20"]
[PlyCount "108"]
[TimeControl "2400+5"]

1. d4 Nf6 2. c4 e6 3. g3 d5 4. Bg2 dxc4 5. Nf3 Bd7 6. Ne5 Bc6 7. Nxc6 Nxc6
8. Qa4 Qd7 9. Bxc6 Qxc6 10. Qxc6+ bxc6 11. O-O O-O-O 12. Be3 Nd5 13. Rc1 c5
14. dxc5 Nxe3 15. fxe3 Bxc5 16. Kf2 Rd5 17. Rxc4 Re5 18. Rc3 Rd8 19. Na3
Rf5+ 20. Kg1 Bxa3 21. bxa3 h5 22. Rac1 Rd7 23. Kg2 g5 24. Rc5 Rxc5 25. Rxc5
f6 26. Rc2 Rd5 27. Kf3 Kd7 28. e4 Ra5 29. Rc3 Kd6 30. h3 c5 31. Kf2 Ke5 32.
Ke3 c4 33. Kd2 Kd4 34. e3+ Kxe4 35. Ke2 Ra4 36. Kf2 f5 37. Ke2 e5 38. Kf2
f4 39. gxf4 gxf4 40. exf4 Kxf4 41. Rf3+ Ke4 42. Re3+ Kd4 43. Ke2 e4 44. Kd2
h4 45. Rc3 Ra6 46. Re3 Rb6 47. Rc3 Rb2+ 48. Rc2 e3+ 49. Kc1 Rxc2+ 50. Kxc2
c3 51. Kd1 Kd3 52. a4 c2+ 53. Kc1 Kc3 54. a5 e2 { White resigns } 0-1

[Event "ICC tourney 2604 (40 5)"]
[Site "Internet Chess Club"]
[Date "2021.06.12"]
[Round "2"]
[White "LIU, DAVIDSIQI:K06-15612561"]
[Black "WIDJAJA, LUKE:K06-16010621"]
[Result "1-0"]
[ICCResult "Black checkmated"]
[WhiteElo "1933"]
[BlackElo "1257"]
[Opening "Vienna game, Max Lange defense"]
[ECO "C25"]
[NIC "VG.04"]
[Time "14:00:17"]
[PlyCount "93"]
[TimeControl "2400+5"]

1. e4 e5 2. Nc3 Nc6 3. Bc4 Bc5 4. Qg4 Bf8 5. Qg3 Nf6 6. d3 d6 7. Bg5 Be7 8.
Bxf6 Bxf6 9. Nf3 h5 10. h4 Bg4 11. O-O-O Qd7 12. Nd5 O-O-O 13. Ne3 Be6 14.
Bb3 Ne7 15. Ng5 Bxb3 16. axb3 Ng6 17. Nd5 c6 18. Nxf6 gxf6 19. Nh3 Rdg8 20.
Qf3 Nxh4 21. Qxf6 Nxg2 22. Rdg1 Qd8 23. Qxf7 Nh4 24. Rg3 Rf8 25. Qe6+ Kb8
26. Rhg1 Nf3 27. R1g2 Nd4 28. Qc4 Ne2+ 29. Kb1 Nxg3 30. Rxg3 h4 31. Rg7 Qc8
32. Qb4 Rfg8 33. Rf7 Rf8 34. Rg7 Rf3 35. Qxd6+ Ka8 36. Ng5 Rxf2 37. Ne6
Rf1+ 38. Ka2 a6 39. Nc7+ Kb8 40. Nxa6+ Ka7 41. Nc7 Qf8 42. Qxe5 Qb4 43. c3
Qb6 44. b4 h3 45. Re7 h2 46. Qxh8 h1=Q 47. Qa8# { Black checkmated } 1-0

[Event "ICC tourney 2604 (40 5)"]
[Site "Internet Chess Club"]
[Date "2021.06.12"]
[Round "2"]
[White "SATTARU, SRITEJ SAI:K06-16084553"]
[Black "ZHAO, ERICK:K06-15346712"]
[Result "0-1"]
[ICCResult "White resigns"]
[WhiteElo "1796"]
[BlackElo "2270"]
[Opening "Sicilian: Canal-Sokolsky attack, 3...Bd7"]
[ECO "B52"]
[NIC "SI.01"]
[Time "14:00:26"]
[PlyCount "138"]
[TimeControl "2400+5"]

1. e4 c5 2. Nf3 d6 3. Bb5+ Bd7 4. c4 Nf6 5. Nc3 g6 6. d4 cxd4 7. Nxd4 Bg7
8. O-O O-O 9. Bxd7 Nbxd7 10. Be3 Rc8 11. b3 a6 12. Rc1 Qa5 13. f3 b5 14.
Rf2 bxc4 15. bxc4 Rxc4 16. Qb3 Rfc8 17. Rfc2 d5 18. exd5 Rb4 19. Nc6 Rxb3
20. Nxa5 Ra3 21. Nc6 Kf8 22. Rd1 Ne8 23. Rd3 Rxc3 24. Rdxc3 Bxc3 25. Rxc3
Nef6 26. Rd3 Ke8 27. Bg5 Nxd5 28. Nd4 f6 29. Bd2 Ne5 30. Rb3 Nc4 31. Be1 e5
32. Ne2 Kd7 33. Kf2 Nd6 34. Rd3 Ke6 35. Ra3 Rc2 36. g3 Rc6 37. Nc3 Nxc3 38.
Rxc3 Rxc3 39. Bxc3 f5 40. Ke3 Kd5 41. Be1 Nc4+ 42. Kd3 e4+ 43. Ke2 Ne5 44.
fxe4+ fxe4 45. Bc3 Nf3 46. h4 h5 47. Ke3 Nh2 48. Kf4 Ng4 49. Be1 Ne5 50.
Bd2 Kd4 51. Be3+ Kd3 52. Ba7 Nc6 53. Bf2 Nb4 54. a4 Nc6 55. Bc5 Nd8 56. Bg1
Nf7 57. Ba7 Nd6 58. Ke5 Nf5 59. Kf6 e3 60. Kxg6 Nxg3 61. Kg5 e2 62. Bf2
Ne4+ 63. Kxh5 Nxf2 64. Kg5 e1=Q 65. h5 Qe5+ 66. Kg6 Ng4 67. h6 Qf6+ 68. Kh7
Qxh6+ 69. Kg8 Qg6+ { White resigns } 0-1

[Event "ICC tourney 2604 (40 5)"]
[Site "Internet Chess Club"]
[Date "2021.06.12"]
[Round "2"]
[White "BAYYARAPU, MOHIT SREEJAN:K06-15582120"]
[Black "TAO, SIHAN:K06-16931716"]
[Result "1-0"]
[ICCResult "Black forfeits on time"]
[WhiteElo "1742"]
[BlackElo "1530"]
[Opening "Sicilian: closed"]
[ECO "B23"]
[NIC "SI.44"]
[Time "14:00:28"]
[PlyCount "137"]
[TimeControl "2400+5"]

1. e4 c5 2. Nc3 d6 3. f4 g6 4. Nf3 Bg7 5. g3 Nc6 6. d3 e6 7. Bg2 Nge7 8.
O-O O-O 9. h3 Rb8 10. a4 a6 11. g4 f5 12. Kh1 b5 13. axb5 axb5 14. Qe1 b4
15. Nd1 Bd7 16. Qe2 Qc7 17. Ne3 Ra8 18. Rxa8 Rxa8 19. Nc4 Ra7 20. Re1 fxe4
21. dxe4 Nd4 22. Qd2 Nec6 23. Qf2 Nxf3 24. Bxf3 Nd4 25. Be3 Nxf3 26. Qxf3
Bb5 27. Nd2 Bxb2 28. f5 exf5 29. gxf5 Qf7 30. Qg3 Be5 31. Bf4 Bxf4 32. Qxf4
Qf6 33. Nb3 Bc4 34. e5 Bd5+ 35. Kh2 Qxf5 36. Qxf5 gxf5 37. exd6 Bxb3 38.
cxb3 Rd7 39. Re5 Rxd6 40. Rxc5 Rd2+ 41. Kg3 Rd3+ 42. Kg2 Rxb3 43. Rxf5 Rc3
44. Rb5 b3 45. Rb7 Rc2+ 46. Kg3 b2 47. h4 Kf8 48. Kf3 Ke8 49. Ke3 Kd8 50.
Kd3 Rh2 51. h5 Ke8 52. Ke3 Kd8 53. Kd3 Kc8 54. Rb5 Kd7 55. Kc3 Ke6 56. Rxb2
Rxh5 57. Kd3 Ra5 58. Ke3 h5 59. Kf2 Kf5 60. Kg2 Ra4 61. Rb1 Kg4 62. Kh1 Re4
63. Rd1 h4 64. Rc1 Re3 65. Rd1 Kh3 66. Rc1 Kg3 67. Rd1 Rc3 68. Ra1 Rb3 69.
Rc1 { Black forfeits on time } 1-0

[Event "ICC tourney 2604 (40 5)"]
[Site "Internet Chess Club"]
[Date "2021.06.12"]
[Round "3"]
[White "SHOME, ANIRUDH:K06-15937035"]
[Black "GOLDSTEIN, ARAV MICAH:K06-15497770"]
[Result "1-0"]
[ICCResult "Black checkmated"]
[WhiteElo "1082"]
[BlackElo "1635"]
[Opening "Queen's pawn: stonewall attack"]
[ECO "A45"]
[NIC "QP.07"]
[Time "17:00:20"]
[PlyCount "31"]
[TimeControl "2400+5"]

1. d4 Nf6 2. e3 d5 3. Bd3 c5 4. c3 Nc6 5. f4 e6 6. Nf3 Bd6 7. O-O O-O 8.
Ne5 Qc7 9. Nd2 Bd7 10. Rf3 a6 11. Rh3 cxd4 12. exd4 b5 13. Bxh7+ Nxh7 14.
Qh5 Rfb8 15. Qxf7+ Kh8 16. Ng6# { Black checkmated } 1-0

[Event "ICC tourney 2604 (40 5)"]
[Site "Internet Chess Club"]
[Date "2021.06.12"]
[Round "3"]
[White "VANZANDWEGHE, HENRI:K06-15949902"]
[Black "GILLSTON, NOAH:K06-15800411"]
[Result "0-1"]
[ICCResult "White checkmated"]
[WhiteElo "1774"]
[BlackElo "1671"]
[Opening "French: Tarrasch, closed variation"]
[ECO "C05"]
[NIC "FR.17"]
[Time "17:00:15"]
[PlyCount "84"]
[TimeControl "2400+5"]

1. e4 e6 2. d4 d5 3. Nd2 Nf6 4. e5 Nfd7 5. Bd3 c5 6. c3 Nc6 7. Ne2 Be7 8.
O-O O-O 9. f4 f6 10. Nf3 Qb6 11. Rb1 cxd4 12. cxd4 fxe5 13. fxe5 Ncxe5 14.
Nxe5 Nxe5 15. Rxf8+ Bxf8 16. Kh1 Nxd3 17. Qxd3 Bd7 18. Bf4 Bb5 19. Qe3 Bxe2
20. Qxe2 Re8 21. Be5 Bd6 22. Bxd6 Qxd6 23. Qb5 Qc6 24. Qxc6 bxc6 25. Rc1 e5
26. Rxc6 exd4 27. Rc1 d3 28. Kg1 d2 29. Rf1 Re1 30. Kf2 Rxf1+ 31. Kxf1
d1=Q+ 32. Kf2 Qc2+ 33. Ke3 Qxb2 34. Kd3 d4 35. g4 Qc3+ 36. Ke2 Qe3+ 37. Kf1
d3 38. g5 d2 39. g6 hxg6 40. h4 d1=Q+ 41. Kg2 Qdf3+ 42. Kh2 Qef2# { White
checkmated } 0-1

[Event "ICC tourney 2604 (40 5)"]
[Site "Internet Chess Club"]
[Date "2021.06.12"]
[Round "3"]
[White "JARGALSAIKHAN, OCHIR:K06-30018301"]
[Black "YU, DYLAN:K06-15800955"]
[Result "0-1"]
[ICCResult "White checkmated"]
[WhiteElo "1492"]
[BlackElo "1763"]
[Opening "Dutch with c4 & Nc3"]
[ECO "A85"]
[NIC "HD.05"]
[Time "17:00:10"]
[PlyCount "136"]
[TimeControl "2400+5"]

1. d4 f5 2. c4 Nf6 3. Nc3 e6 4. g3 Be7 5. Bg2 O-O 6. Nf3 Ne4 7. d5 Nxc3 8.
bxc3 d6 9. h4 Bf6 10. Qc2 e5 11. Bg5 e4 12. Bxf6 Qxf6 13. Nd4 Na6 14. O-O-O
Bd7 15. g4 Nc5 16. gxf5 Bxf5 17. Nxf5 Qxf5 18. f3 Qf4+ 19. Kb1 exf3 20.
Bxf3 Qxc4 21. Rd4 Qb5+ 22. Rb4 Qd7 23. Rg1 Qf5 24. Rbg4 Qxc2+ 25. Kxc2 g6
26. h5 Kf7 27. hxg6+ hxg6 28. Rxg6 Ke7 29. Rg7+ Rf7 30. Bh5 Rxg7 31. Rxg7+
Kf6 32. Rxc7 Ke5 33. Bf3 Re8 34. Rh7 a6 35. Rh5+ Kf4 36. Rh6 Ke5 37. Rh7 b6
38. Rh4 Rf8 39. Rb4 b5 40. Kd2 Rf4 41. Rb1 Ne4+ 42. Kd3 Kxd5 43. Rh1 Rxf3+
44. exf3 Nf2+ 45. Ke3 Nxh1 46. f4 Ng3 47. Kf3 Nf5 48. Kg4 Ke4 49. Kg5 d5
50. Kg4 Ne3+ 51. Kg5 a5 52. Kf6 Kxf4 53. Ke6 Ke4 54. Kd6 Kd3 55. c4 Kxc4
56. a4 bxa4 57. Kc6 d4 58. Kd6 d3 59. Kc6 d2 60. Kd6 d1=Q+ 61. Kc6 Ng2 62.
Kc7 Qd5 63. Kc8 Qf7 64. Kd8 Kc5 65. Kc8 Qe7 66. Kb8 Qd7 67. Ka8 Kb6 68. Kb8
Qe8# { White checkmated } 0-1

[Event "ICC tourney 2604 (40 5)"]
[Site "Internet Chess Club"]
[Date "2021.06.12"]
[Round "3"]
[White "WIDJAJA, LUKE:K06-16010621"]
[Black "BAYYARAPU, MOHIT SREEJAN:K06-15582120"]
[Result "0-1"]
[ICCResult "White resigns"]
[WhiteElo "1257"]
[BlackElo "1742"]
[Opening "Sicilian: Smith-Morra gambit"]
[ECO "B21"]
[NIC "SI.48"]
[Time "17:00:15"]
[PlyCount "90"]
[TimeControl "2400+5"]

1. e4 c5 2. d4 cxd4 3. c3 g6 4. cxd4 Bg7 5. Bf4 d5 6. exd5 Qxd5 7. Nf3 Nf6
8. Nc3 Qd8 9. Rc1 a6 10. Bc4 O-O 11. O-O e6 12. Qd2 b5 13. Be2 Bb7 14. Rfd1
Nc6 15. Bg5 Ne7 16. Bxf6 Bxf6 17. Ne4 Bxe4 18. Qf4 Bxf3 19. Bxf3 Nd5 20.
Qg3 Rc8 21. Rc5 Rxc5 22. dxc5 Qb8 23. Qg4 Rd8 24. Rc1 Qf4 25. Qxf4 Nxf4 26.
c6 Rc8 27. g3 Nd5 28. Bg2 Kf8 29. f4 Ke7 30. b3 Kd6 31. Rd1 Rxc6 32. g4 Kc7
33. f5 gxf5 34. gxf5 Rc2 35. Bxd5 exd5 36. Rxd5 Rxa2 37. Rd3 a5 38. Rg3 a4
39. bxa4 bxa4 40. Rg8 a3 41. Rf8 Bd4+ 42. Kf1 f6 43. Rf7+ Kd6 44. Rxh7 Ra1+
45. Ke2 a2 { White resigns } 0-1

[Event "ICC tourney 2604 (40 5)"]
[Site "Internet Chess Club"]
[Date "2021.06.12"]
[Round "3"]
[White "OKUNO, RION:K06-16978387"]
[Black "ABE, ABISAYO:K06-15761580"]
[Result "1/2-1/2"]
[ICCResult "Game drawn by mutual agreement"]
[WhiteElo "1587"]
[BlackElo "1762"]
[Opening "Sicilian: dragon, Yugoslav attack, Rauser variation"]
[ECO "B76"]
[NIC "SI.17"]
[Time "17:00:16"]
[PlyCount "73"]
[TimeControl "2400+5"]

1. e4 c5 2. Nf3 d6 3. d4 cxd4 4. Nxd4 Nf6 5. Nc3 g6 6. f3 Bg7 7. Be3 O-O 8.
Qd2 Nc6 9. O-O-O Nxd4 10. Bxd4 Be6 11. h4 Qa5 12. Kb1 Rfc8 13. Nd5 Qxd2 14.
Nxf6+ Bxf6 15. Rxd2 Bxd4 16. Rxd4 Rd8 17. Bc4 Bxc4 18. Rxc4 Rac8 19. Rxc8
Rxc8 20. c3 Kg7 21. h5 Kf6 22. hxg6 hxg6 23. Kc2 Rc5 24. f4 b5 25. Kd3 a5
26. a3 Rc7 27. Rh8 Rb7 28. Ra8 a4 29. Rh8 Kg7 30. Rh1 Rb8 31. Kd4 Kf6 32.
g3 Ke6 33. Rh6 Kd7 34. Rh7 Ke6 35. Rh1 Rc8 36. Rh7 Rc4+ 37. Kd3 { Game
drawn by mutual agreement } 1/2-1/2

[Event "ICC tourney 2604 (40 5)"]
[Site "Internet Chess Club"]
[Date "2021.06.12"]
[Round "3"]
[White "TAO, SIHAN:K06-16931716"]
[Black "MULLODZHANOV, NATHANIEL:K06-15706544"]
[Result "1/2-1/2"]
[ICCResult "Game drawn by mutual agreement"]
[WhiteElo "1530"]
[BlackElo "2005"]
[Opening "Caro-Kann: Tartakower (Nimzovich) variation"]
[ECO "B15"]
[NIC "CK.06"]
[Time "17:00:13"]
[PlyCount "85"]
[TimeControl "2400+5"]

1. e4 c6 2. d4 d5 3. Nc3 dxe4 4. Nxe4 Nf6 5. Nxf6+ exf6 6. Nf3 Bd6 7. Bc4
O-O 8. O-O Bg4 9. h3 Bh5 10. Bd2 Nd7 11. Bd3 Qc7 12. c4 c5 13. d5 Ne5 14.
Be2 Bxf3 15. Bxf3 Nxc4 16. Bc3 Rad8 17. b3 Nb6 18. Ba5 Be5 19. Rc1 Qd6 20.
Bxb6 Qxb6 21. Qc2 Bd4 22. Rfe1 Rfe8 23. Re2 Qa5 24. Rce1 Qxe1+ 25. Rxe1
Rxe1+ 26. Kh2 g6 27. b4 b6 28. bxc5 Bxc5 29. Qc3 Re5 30. Qc2 Kg7 31. g3 Rf5
32. Kg2 Re5 33. Qa4 a5 34. Qc4 Rd6 35. Qb3 Re1 36. Qc2 Re5 37. Qb3 Re1 38.
Qc2 Re7 39. Qc4 Ra7 40. Qa4 Bb4 41. Qb5 Bc5 42. Qa4 Bb4 43. Qb5 { Game
drawn by mutual agreement } 1/2-1/2

[Event "ICC tourney 2604 (40 5)"]
[Site "Internet Chess Club"]
[Date "2021.06.12"]
[Round "3"]
[White "WILSON, RONEN:K06-15349011"]
[Black "LIU, DAVIDSIQI:K06-15612561"]
[Result "1-0"]
[ICCResult "Black resigns"]
[WhiteElo "2079"]
[BlackElo "1933"]
[Opening "French: MacCutcheon, Lasker variation"]
[ECO "C12"]
[NIC "FR.05"]
[Time "17:00:14"]
[PlyCount "63"]
[TimeControl "2400+5"]

1. e4 e6 2. d4 d5 3. Nc3 Nf6 4. Bg5 Bb4 5. e5 h6 6. Bd2 Bxc3 7. bxc3 Nfd7
8. Qg4 Kf8 9. Bd3 c5 10. Nf3 c4 11. Be2 b5 12. h4 Nc6 13. Rh3 f5 14. Qf4 g6
15. g4 Kg7 16. gxf5 exf5 17. Rg3 Nf8 18. h5 g5 19. Nxg5 hxg5 20. Rxg5+ Kf7
21. h6 Ne7 22. Rg7+ Ke6 23. Qh4 Nh7 24. Rxh7 Rxh7 25. Qf6+ Kd7 26. Qd6+ Ke8
27. Bh5+ Rf7 28. Bxf7+ Kxf7 29. Qxd8 Bb7 30. Qd6 Bc6 31. Qf6+ Ke8 32. h7 {
Black resigns } 1-0